Cogmind - Beta 10.2 @@@ ROGUE MODE // 2021.10.28 @ 23:38:48 // Winter2019/RPGLIKE Player: SHOCK Result: Destroyed by Warden 10b with Quantum Rifle Performance ------------- Evolutions (9) 4500 Regions Visited (29) 5800 Robots Destroyed (129) 645 Value Destroyed (11711) 11711 Prototype IDs (33) 660 Alien Tech Used (0) 0 Bonus (11351) 11351 TOTAL SCORE: 34667 Bonus ------- High Alert Combat Kills 443 Follower Combat Kills 4296 Entered Garrisons 2000 Used RIF Installer 5000 Aligned with FarCom 300 Friendly Fire -688 Cogmind --------- Core Integrity 0/1150 Matter 307/350 Energy 2330/2330 System Corruption 0% Temperature Cool (9) Movement Flying (34) Location -1/Access Parts ------- > --- POWER (2) -------- Light Quantum Reactor Light Quantum Reactor > --- PROPULSION (2) --- Improved Cesium-ion Thruster Impulse Thruster > --- UTILITY (18) ----- Superbattery Experimental Signal Interpreter Advanced Cloaking Device Hacking Suite Hacking Suite Relay Coupler [NC] (31) Relay Coupler [ARC] (5) Relay Coupler [Swarmer] (31) Relay Coupler [Swarmer] (88) Relay Coupler [Grunt] (19) Relay Coupler [Brawler] (27) Relay Coupler [Duelist] (22) Relay Coupler [Sentry] (44) Relay Coupler [Demolisher] (44) Relay Coupler [Specialist] (3) Relay Coupler [Hunter] (131) Relay Coupler [Behemoth] (96) > --- WEAPON (4) ------- Improved Arc Projector Advanced Remote Datajack > --- INVENTORY (14) --- Field Propulsion Drive Relay Coupler [NC] (60) Relay Coupler [NC] (70) Relay Coupler [Sentry] (58) Relay Coupler [Sentry] (46) Relay Coupler [Demolisher] (38) Relay Coupler [Specialist] (54) Relay Coupler [Hunter] (40) Relay Coupler [Behemoth] (28) Chronowheel Advanced Remote Datajack Peak State ------------ > --- POWER ------------ Light Quantum Reactor Light Quantum Reactor > --- PROPULSION ------- Improved Cesium-ion Thruster Impulse Thruster > --- UTILITY ---------- Superbattery Experimental Signal Interpreter Advanced Cloaking Device Hacking Suite Hacking Suite Relay Coupler [NC] Relay Coupler [ARC] Relay Coupler [Swarmer] Relay Coupler [Swarmer] Relay Coupler [Grunt] Relay Coupler [Brawler] Relay Coupler [Duelist] Relay Coupler [Sentry] Relay Coupler [Sentry] Relay Coupler [Demolisher] Relay Coupler [Specialist] Relay Coupler [Hunter] Relay Coupler [Behemoth] > --- WEAPON ----------- Improved Arc Projector Heavy Disruptor Cannon Advanced Remote Datajack > --- INVENTORY -------- Field Propulsion Drive Relay Coupler [NC] Relay Coupler [NC] Relay Coupler [Sentry] Relay Coupler [Sentry] Relay Coupler [Demolisher] Relay Coupler [Specialist] Relay Coupler [Hunter] Relay Coupler [Behemoth] Chronowheel Heavy Disruptor Cannon Advanced Remote Datajack [Rating: 146] Favorites ----------- Power Light Nuclear Core Engine Ion Engine Power Core Light Nuclear Core Reactor Light Quantum Reactor Propulsion Improved Cesium-ion Thruster Wheel Wheel Flight Unit Improved Cesium-ion Thruster Utility Hacking Suite Device Cloak of Protection Storage Superbattery Processor Advanced Signal Interpreter Hackware Hacking Suite Weapon Improved Arc Projector Energy Gun Improved Arc Projector Energy Cannon Improved EM Pulse Cannon Ballistic Gun Gauss Rifle Ballistic Cannon Heavy Flak Cannon Launcher Heavy Rocket Launcher Special Weapon Improved Remote Datajack Slashing Weapon Mining Claw Special Melee Weapon Improved Datajack Build | -11 -10 -10 -10 -9 -8 -8 -8 -8 -7 -7 -7 -7 -6 -6 -5 -5 -5 -5 -4 -4 -3 -3 -3 -3 -2 -2 -1 -1 -1 ------- Run | Scr Mat Min Exi Min Mat Gar Mat Gar Fac Gar Fac Gar Fac Gar Fac Was Fac Gar Fac Arm Res Gar Res Gar Res Gar Acc Gar Acc Slots Evolved 22 | 3 . . 2 . 6 . 5 1 1 . . 1 . 1 . . . . . 2 . . . . . . . . . Power 1 | . . . . . . . . 1 . . . . . . . . . . . . . . . . . . . . . Propulsion 1 | 1 . . . . . . . . . . . . . . . . . . . . . . . . . . . . . Utility 17 | 1 . . 2 . 6 . 4 . . . . 1 . 1 . . . . . 2 . . . . . . . . . Weapon 3 | 1 . . . . . . 1 . 1 . . . . . . . . . . . . . . . . . . . . Parts Attached 138 | 5 . . 6 1 20 15 12 3 33 3 . 3 1 5 4 . 2 1 4 3 1 2 2 . 2 . 2 2 6 Power 12 | 1 . . 1 . 2 . . 2 . . . . . . 2 . 1 . . . . . . . 1 . 2 . . Engine 2 | 1 . . 1 . . . . . . . . . . . . . . . . . . . . . . . . . . Core 7 | . . . . . 2 . . 2 . . . . . . 2 . 1 . . . . . . . . . . . . Reactor 3 | . . . . . . . . . . . . . . . . . . . . . . . . . 1 . 2 . . Propulsion 17 | 2 . . 1 1 2 . 3 . 2 . . . . . 1 . . . 2 . . . 2 . 1 . . . . Treads . | . . . . . . . . . . . . . . . . . . . . . . . . . . . . . . Leg . | . . . . . . . . . . . . . . . . . . . . . . . . . . . . . . Wheel 2 | 2 . . . . . . . . . . . . . . . . . . . . . . . . . . . . . Hover . | . . . . . . . . . . . . . . . . . . . . . . . . . . . . . . Flight 15 | . . . 1 1 2 . 3 . 2 . . . . . 1 . . . 2 . . . 2 . 1 . . . . Utility 60 | . . . 3 . 4 7 4 1 20 2 . 3 1 5 . . 1 1 1 3 . 2 . . . . . 2 . Device 31 | . . . 2 . 1 4 1 . 16 . . 1 . 3 . . . . . 3 . . . . . . . . . Storage 1 | . . . 1 . . . . . . . . . . . . . . . . . . . . . . . . . . Processor 10 | . . . . . 3 3 1 . 2 . . . . . . . . . 1 . . . . . . . . . . Hackware 18 | . . . . . . . 2 1 2 2 . 2 1 2 . . 1 1 . . . 2 . . . . . 2 . Protection . | . . . . . . . . . . . . . . . . . . . . . . . . . . . . . . Artifact . | . . . . . . . . . . . . . . . . . . . . . . . . . . . . . . Weapon 49 | 2 . . 1 . 12 8 5 . 11 1 . . . . 1 . . . 1 . 1 . . . . . . . 6 Energy Gun 18 | 2 . . . . 6 1 . . 7 . . . . . . . . . 1 . . . . . . . . . 1 Energy Cannon 6 | . . . . . 1 . 2 . 1 . . . . . . . . . . . . . . . . . . . 2 Ballistic Gun 5 | . . . . . . 3 . . . . . . . . . . . . . . . . . . . . . . 2 Ballistic Cannon 4 | . . . . . . 2 1 . 1 . . . . . . . . . . . . . . . . . . . . Launcher 2 | . . . . . . 1 1 . . . . . . . . . . . . . . . . . . . . . . Special Weapon 7 | . . . 1 . 1 1 . . . 1 . . . . 1 . . . . . 1 . . . . . . . 1 Impact Weapon . | . . . . . . . . . . . . . . . . . . . . . . . . . . . . . . Slashing Weapon 4 | . . . . . 4 . . . . . . . . . . . . . . . . . . . . . . . . Piercing Weapon . | . . . . . . . . . . . . . . . . . . . . . . . . . . . . . . Special Melee Weapon 3 | . . . . . . . 1 . 2 . . . . . . . . . . . . . . . . . . . . Unidentified Prototypes 9 | . . . . . 2 . 1 . 4 . . . . . . . . . 1 . . . 1 . . . . . . Parts Lost 9 | . . . . . . . . . 1 1 . 1 3 1 . . . 1 . . . . . . 1 . . . . Power 1 | . . . . . . . . . . . . . . 1 . . . . . . . . . . . . . . . Propulsion 1 | . . . . . . . . . . 1 . . . . . . . . . . . . . . . . . . . Utility 5 | . . . . . . . . . 1 . . 1 2 . . . . 1 . . . . . . . . . . . Weapon 2 | . . . . . . . . . . . . . 1 . . . . . . . . . . . 1 . . . . Highest Loss Streak 1 | . . . . . . . . . 1 1 . 1 1 1 . . . 1 . . . . . . 1 . . . . Average Slot Usage (%) 88 | . 71 71 63 61 77 74 88 89 95 97 95 92 92 85 91 95 95 93 96 88 84 88 90 88 88 88 88 94 96 Engine 1 | . 14 14 12 11 . . . . . . . . . . . . . . . . . . . . . . . . . Core 5 | . . . . . 8 6 5 7 9 9 9 8 8 4 6 8 8 8 8 4 3 3 3 3 3 3 . . . Wheel 1 | . 28 28 6 . . . . . . . . . . . . . . . . . . . . . . . . . . Flight 7 | . . . 9 17 17 13 10 9 9 8 4 4 4 4 5 8 8 8 8 7 7 7 7 7 7 7 7 7 7 Device 15 | . . . 5 11 15 17 31 28 31 26 22 18 13 9 12 12 12 8 8 8 7 7 5 3 3 3 3 3 3 Storage 4 | . . . 8 11 8 6 5 4 4 4 4 4 4 4 4 4 4 4 4 3 3 3 3 3 3 3 3 3 3 Processor 5 | . . . . . 9 17 11 9 5 4 4 4 4 4 4 4 4 4 4 3 3 3 3 3 3 3 3 3 3 Hackware 30 | . . . . . . . 8 13 20 25 31 33 40 44 45 45 45 47 50 43 42 46 50 50 50 50 50 55 56 Energy Gun 8 | . 28 28 15 . 11 6 . . 4 13 13 13 12 8 8 8 8 8 9 11 11 11 11 11 9 7 7 7 4 Energy Cannon 1 | . . . . . . . 2 9 5 . . . . . . . . . . . . . . . . . . . . Special Weapon 2 | . . . 4 11 2 1 . . . 2 4 4 4 4 4 4 4 4 4 3 3 3 3 3 3 3 3 3 2 Naked Turns . | . . . . . . . . . . . . . . . . . . . . . . . . . . . . . . Heaviest Build 61 | 7 7 7 17 17 27 39 48 51 53 55 48 48 47 40 47 47 47 46 43 44 45 45 45 30 40 40 50 50 61 Greatest Support 63 | 20 30 30 30 28 30 40 52 52 53 55 48 48 48 48 57 57 57 57 57 57 57 62 62 62 63 63 63 63 63 Greatest Overweight (x) 1 | . . . . . . 1 1 . 1 . . . . . . . . . . . . . . . . . . . . Average Overweight (x) . | . . . . . . . . . . . . . . . . . . . . . . . . . . . . . . Largest Inventory Capacity 14 | . 6 6 10 10 10 10 10 14 14 14 14 14 14 14 14 14 14 14 14 14 14 14 14 14 14 14 14 14 14 Average Capacity 12 | . 4 6 7 10 10 10 10 13 14 14 14 14 14 14 14 14 14 14 14 14 14 14 14 14 14 14 14 14 14 Most Carried 14 | . 3 5 6 6 8 10 9 11 14 14 14 14 14 10 10 9 9 11 11 9 6 10 10 12 13 14 14 14 13 Average Carried 9 | . 1 3 5 6 6 9 6 7 12 13 14 13 10 9 9 9 8 9 10 5 5 7 10 11 12 13 14 12 11 Final Capacity 14 | . 6 6 10 10 10 10 10 14 14 14 14 14 14 14 14 14 14 14 14 14 14 14 14 14 14 14 14 14 14 Final Carried 14 | . 3 5 6 6 7 8 6 11 12 14 14 14 9 10 9 9 9 11 9 5 5 10 10 12 13 14 14 12 11 Class Distribution -------------------- 37% | Botlord-Scout 21% | Wizard-Scout 20% | Wizard-Ninja 9% | Commander-Scout 6% | Mutant Dominant Class ---------------- Mutant | -10/Materials Mutant | -10/Mines Mutant | -10/Exiles Hacker-Scout | -9/Mines Wizard-Scout | -8/Materials Wizard-Scout | -8/Garrison Wizard-Ninja | -8/Materials Wizard-Ninja | -8/Garrison Wizard-Ninja | -7/Factory Wizard-Scout | -7/Garrison Bothacker-Scout | -7/Factory Botlord-Scout | -7/Garrison Wizard-Scout | -6/Factory Botlord-Scout | -6/Garrison Botlord-Scout | -5/Factory Botlord-Scout | -5/Waste Botlord-Scout | -5/Factory Botlord-Scout | -5/Garrison Commander-Scout | -4/Factory Commander-Scout | -4/Armory Commander-Scout | -3/Research Commander-Scout | -3/Garrison Botlord-Scout | -3/Research Botlord-Scout | -3/Garrison Botlord-Scout | -2/Research Botlord-Scout | -2/Garrison Botlord-Scout | -1/Access Botlord-Scout | -1/Garrison Botlord-Scout | -1/Access Resources | -11 -10 -10 -10 -9 -8 -8 -8 -8 -7 -7 -7 -7 -6 -6 -5 -5 -5 -5 -4 -4 -3 -3 -3 -3 -2 -2 -1 -1 -1 ----------- Run | Scr Mat Min Exi Min Mat Gar Mat Gar Fac Gar Fac Gar Fac Gar Fac Was Fac Gar Fac Arm Res Gar Res Gar Res Gar Acc Gar Acc Matter Collected 4881 | 250 . 50 . . 270 218 414 126 322 87 . 95 97 238 215 . . 361 70 826 . 250 30 . 140 301 . 270 251 Remotely . | . . . . . . . . . . . . . . . . . . . . . . . . . . . . . . Salvage Created 6080 | . . 46 . . 638 613 115 1269 969 477 . 624 70 294 126 . . . 119 214 . 108 . 98 43 . . . 257 Parts 308 | . . 4 . 4 23 39 3 55 58 26 . 28 21 11 3 . . . 2 8 . 4 . 9 1 . . . 9 Haulers Intercepted . | . . . . . . . . . . . . . . . . . . . . . . . . . . . . . . Recyclers Shooed 1 | . . 1 . . . . . . . . . . . . . . . . . . . . . . . . . . . Parts Field Recycled . | . . . . . . . . . . . . . . . . . . . . . . . . . . . . . . Retrieved Matter . | . . . . . . . . . . . . . . . . . . . . . . . . . . . . . . Parts Self-Destructed . | . . . . . . . . . . . . . . . . . . . . . . . . . . . . . . Prevented . | . . . . . . . . . . . . . . . . . . . . . . . . . . . . . . Kills | -11 -10 -10 -10 -9 -8 -8 -8 -8 -7 -7 -7 -7 -6 -6 -5 -5 -5 -5 -4 -4 -3 -3 -3 -3 -2 -2 -1 -1 -1 ------- Run | Scr Mat Min Exi Min Mat Gar Mat Gar Fac Gar Fac Gar Fac Gar Fac Was Fac Gar Fac Arm Res Gar Res Gar Res Gar Acc Gar Acc Combat Hostiles Destroyed 105 | . . 2 . 3 7 18 4 25 14 9 . 10 5 2 1 . . . 1 3 . . . 1 . . . . . Guns 40 | . . 2 . . 3 10 . . 5 7 . 6 2 2 . . . . . 2 . . . 1 . . . . . Cannons 36 | . . . . 3 . 2 4 22 5 . . . . . . . . . . . . . . . . . . . . AOE 15 | . . . . . 3 6 . . 1 . . 2 3 . . . . . . . . . . . . . . . . Classes Destroyed 13 | . . 1 . 1 6 . . 1 2 . . . 1 . . . . . . 1 . . . . . . . . . Worker 2 | . . . . . 2 . . . . . . . . . . . . . . . . . . . . . . . . Builder 1 | . . . . . . . . . 1 . . . . . . . . . . . . . . . . . . . . Recycler 3 | . . . . . 1 . . . . . . . . . . . . . . . . . . . . . . . 2 Operator 3 | . . . . . . . . . 3 . . . . . . . . . . . . . . . . . . . . Watcher 11 | . . . . . 2 1 1 . 6 . . . . . . . . . . . . . . . 1 . . . . Swarmer 21 | . . . . 3 . 4 . 3 4 2 . 1 2 1 . . . . . . . . . . . . . . 1 Saboteur 1 | . . . . . . . . . . . . . . . . . . . . 1 . . . . . . . . . Grunt 52 | . . 2 . . 4 11 1 19 2 4 . 8 . 1 . . . . . . . . . . . . . . . Brawler 1 | . . . . . 1 . . . . . . . . . . . . . . . . . . . . . . . . Duelist 7 | . . . . . 1 . 1 . . . . . . 2 . . . . 1 2 . . . . . . . . . Sentry 20 | . . . . . 1 3 2 2 6 2 . 2 1 . 1 . . . . . . . . . . . . . . Hunter 4 | . . . . . . . . 1 2 1 . . . . . . . . . . . . . . . . . . . Programmer 3 | . . . . . . . . . . . . . 2 . . . . . . . . . . 1 . . . . . Best Kill Streak 7 | . . 1 . 2 5 7 2 5 4 4 . 3 2 2 1 . . . 1 2 . . . 1 1 . . . 2 Combat Bots Only 7 | . . 1 . 2 3 7 2 5 4 4 . 3 2 2 1 . . . 1 2 . . . 1 . . . . . Max Kills in Single Turn 4 | . . 1 . 1 4 3 1 1 2 1 . 2 1 1 1 . . . 1 1 . . . 1 1 . . . 3 Gunslinging . | . . . . . . . . . . . . . . . . . . . . . . . . . . . . . . Exploded 3 | . . . . . 2 3 . . 1 . . 1 1 . . . . . . . . . . . . . . . . Melee . | . . . . . . . . . . . . . . . . . . . . . . . . . . . . . . Uniques/NPCs Destroyed . | . . . . . . . . . . . . . . . . . . . . . . . . . . . . . . Combat | -11 -10 -10 -10 -9 -8 -8 -8 -8 -7 -7 -7 -7 -6 -6 -5 -5 -5 -5 -4 -4 -3 -3 -3 -3 -2 -2 -1 -1 -1 -------- Run | Scr Mat Min Exi Min Mat Gar Mat Gar Fac Gar Fac Gar Fac Gar Fac Was Fac Gar Fac Arm Res Gar Res Gar Res Gar Acc Gar Acc Damage Taken 7193 | . . 151 . 125 839 868 192 426 629 485 . 559 883 415 188 . 14 123 75 183 . 176 55 80 215 42 35 80 355 Core 5681 | . . 123 . 95 676 704 152 336 483 363 . 437 711 331 155 . 11 80 56 143 . 134 42 67 168 33 27 63 291 Absorbed by Shields 1302 | . . . . . . 39 15 21 51 332 . 40 . . 195 . 14 133 78 189 . 185 10 . . . . . . Redirected to Core 5004 | . . 90 . 95 616 557 131 310 443 336 . 394 614 296 107 . 11 80 56 126 . 126 42 49 168 33 27 63 234 Core Remaining (%) 79 | 100 . . . 85 . . . 98 . . . 95 . 96 . . . 88 . 71 . . . 49 . 32 . . . Volleys Fired 825 | . 2 9 2 11 29 49 19 54 58 47 4 42 51 52 44 2 7 57 61 80 2 34 6 25 19 8 3 20 28 Largest 3 | . 2 2 1 1 2 2 2 2 3 3 3 3 3 2 2 2 1 2 3 3 1 3 3 3 3 2 1 1 3 Hottest 220 | . 80 80 80 80 140 130 138 138 195 195 195 195 195 130 130 130 40 130 195 195 50 195 195 195 195 130 50 50 220 Shots Fired 1402 | . 4 18 2 11 49 91 33 106 128 124 6 108 107 77 59 3 7 71 74 106 2 54 8 37 37 10 3 20 47 Gun 800 | . 4 18 . . 40 63 . . 89 116 3 99 84 51 30 2 . 30 24 39 . 30 3 18 27 4 . . 26 Cannon 190 | . . . . . 2 10 29 106 39 . . . . . . . . . . . . . . . . . . . 4 Launcher 6 | . . . . . . 2 4 . . . . . . . . . . . . . . . . . . . . . . Special 406 | . . . 2 11 7 16 . . . 8 3 9 23 26 29 1 7 41 50 67 2 24 5 19 10 6 3 20 17 Kinetic 70 | . . . . . . 29 25 . . . . . . . . . . . . . . . . . . . . . 16 Thermal 96 | . 4 18 2 11 31 30 . . . . . . . . . . . . . . . . . . . . . . . Explosive 6 | . . . . . . 2 4 . . . . . . . . . . . . . . . . . . . . . . Electromagnetic 860 | . . . . . 18 30 4 106 128 116 3 99 84 51 30 2 . 30 24 39 . 30 3 18 27 4 . . 14 Robot Hit Streak 36 | . 1 9 . 3 19 11 11 29 32 22 10 28 28 24 33 36 3 16 28 30 4 26 32 12 7 9 8 19 24 Robot Miss Streak 12 | . 1 2 . 3 2 6 12 2 2 2 . 1 2 1 1 . 1 2 1 2 . 2 1 1 2 1 . 1 2 Penetration Max 1 | . . . . . . . . . . . . . . . . . . . . . . . . . . . . . 1 Secondary Targets 8 | . . . . . 1 2 . . 1 1 . 2 . 1 . . . . . . . . . . . . . . . Max Gunslinging Chain 1 | . . . . . 1 1 . . 1 1 . 1 . 1 . . . . . . . . . . . . . . . Shots Hit Robots 1011 | . 2 14 . 5 35 63 28 66 96 77 6 82 85 46 56 3 5 41 64 89 2 33 7 28 29 7 3 19 20 Core Hits 304 | . 1 6 . 3 20 44 19 25 42 23 . 28 32 10 11 . . 2 3 16 . 3 1 3 5 . . . 7 Critical Hits 3 | . . . . . 1 1 . 1 . . . . . . . . . . . . . . . . . . . . . Critical Kills . | . . . . . . . . . . . . . . . . . . . . . . . . . . . . . . Critical Parts Destroyed 3 | . . . . . 1 1 . 1 . . . . . . . . . . . . . . . . . . . . . Melee Attacks 39 | . . . . . 23 . 6 . 9 1 . . . . . . . . . . . . . . . . . . . Impact . | . . . . . . . . . . . . . . . . . . . . . . . . . . . . . . Slashing 23 | . . . . . 23 . . . . . . . . . . . . . . . . . . . . . . . . Piercing . | . . . . . . . . . . . . . . . . . . . . . . . . . . . . . . Sneak Attacks 8 | . . . . . . . 3 . 4 1 . . . . . . . . . . . . . . . . . . . Combat Hostiles 3 | . . . . . . . . . 2 1 . . . . . . . . . . . . . . . . . . . Follow-up Attacks . | . . . . . . . . . . . . . . . . . . . . . . . . . . . . . . Damage Inflicted 12751 | . 20 169 . 64 1092 1611 462 1862 1991 1118 49 1391 574 389 336 23 . 108 181 361 . 260 88 26 256 13 . . 307 Guns 7018 | . 20 154 . . 662 860 . . 793 1024 49 1104 325 321 336 23 . 108 181 361 . 166 48 26 256 13 . . 188 Cannons 3450 | . . . . . 46 40 462 1862 1040 . . . . . . . . . . . . . . . . . . . . Explosions 2023 | . . . . . 361 615 . . 136 94 . 287 249 68 . . . . . . . 94 . . . . . . 119 Melee . | . . . . . . . . . . . . . . . . . . . . . . . . . . . . . . Ramming 77 | . . 15 . . . . . . 22 . . . . . . . . . . . . . 40 . . . . . . Kinetic 821 | . . . . . . 273 410 . . . . . . . . . . . . . . . . . . . . . 138 Thermal 2308 | . 20 154 . 64 634 453 . . 136 94 . 287 185 68 . . . . . . . 94 . . . . . . 119 Explosive 437 | . . . . . . 373 . . . . . . 64 . . . . . . . . . . . . . . . . Electromagnetic 9108 | . . . . . 458 512 52 1862 1833 1024 49 1104 325 321 336 23 . 108 181 361 . 166 48 26 256 13 . . 50 Impact . | . . . . . . . . . . . . . . . . . . . . . . . . . . . . . . Slashing . | . . . . . . . . . . . . . . . . . . . . . . . . . . . . . . Piercing . | . . . . . . . . . . . . . . . . . . . . . . . . . . . . . . Highest Corruption 5 | . . . . . . . 5 5 . 4 4 4 3 3 1 1 1 1 . 1 . . . 1 . . . . . Average Corruption 2 | . . . . . . . 5 5 . 3 4 4 2 3 1 1 1 1 . 1 . . . 1 . . . . . Corruption Purged . | . . . . . . . . . . . . . . . . . . . . . . . . . . . . . . Effects 122 | . . . . . . . 22 29 . 16 2 11 12 12 7 . 3 2 . 4 . . . 2 . . . . . Message Errors 31 | . . . . . . . 6 5 . 1 2 3 1 5 3 . 3 1 . 1 . . . . . . . . . Matter Fused 16 | . . . . . . . 4 3 . 2 . 2 2 3 . . . . . . . . . . . . . . . Heat Flow Errors 13 | . . . . . . . 5 4 . 3 . . 1 . . . . . . . . . . . . . . . . Energy Discharges 15 | . . . . . . . 1 4 . 2 . 2 1 3 2 . . . . . . . . . . . . . . Data Loss (minor) 15 | . . . . . . . 1 3 . 1 . . 4 1 1 . . 1 . 2 . . . 1 . . . . . Data Loss (major) 2 | . . . . . . . 2 . . . . . . . . . . . . . . . . . . . . . . Targeting Errors 26 | . . . . . . . 2 8 . 6 . 4 3 . 1 . . . . 1 . . . 1 . . . . . Weapon Failures 4 | . . . . . . . 1 2 . 1 . . . . . . . . . . . . . . . . . . . Overload Shots . | . . . . . . . . . . . . . . . . . . . . . . . . . . . . . . Overflow Damage 142 | . . . . . . 49 . 42 42 . . . 3 . . . . . . . . . 6 . . . . . . Projectiles 84 | . . . . . . . . 42 42 . . . . . . . . . . . . . . . . . . . . Explosions 52 | . . . . . . 49 . . . . . . 3 . . . . . . . . . . . . . . . . Melee 6 | . . . . . . . . . . . . . . . . . . . . . . . 6 . . . . . . Knockbacks 13 | . . . . . . 1 11 . 1 . . . . . . . . . . . . . . . . . . . . Impact 1 | . . . . . . . . . 1 . . . . . . . . . . . . . . . . . . . . Kinetic 12 | . . . . . . 1 11 . . . . . . . . . . . . . . . . . . . . . . Secondary . | . . . . . . . . . . . . . . . . . . . . . . . . . . . . . . Self-Inflicted Damage 818 | . . 7 . . 241 131 22 . 11 . . 74 232 26 . . . . . . . 39 19 . . . . . 16 Shots 16 | . . . . . 4 3 1 . . . . 2 3 1 . . . . . . . 1 . . . . . . 1 Rammed 5 | . . 2 . . . . . . 1 . . . . . . . . . . . . . 2 . . . . . . Targets Rammed 5 | . . 2 . . . . . . 1 . . . . . . . . . . . . . 2 . . . . . . Kicked . | . . . . . . . . . . . . . . . . . . . . . . . . . . . . . . Crushed . | . . . . . . . . . . . . . . . . . . . . . . . . . . . . . . Highest Temperature 488 | . 36 192 66 202 488 . 188 176 20 193 . 42 231 10 . . . . 4 4 . . . . 2 . . 1 66 Average Temperature 77 | . 20 87 36 96 218 . 76 82 11 18 . 12 25 10 . . . . 4 2 . . . . 2 . . 1 33 Received Heat Transfer 1565 | . . 75 . 6 153 369 58 192 120 109 . 172 45 84 13 . . 26 . 8 . 30 21 12 27 9 9 9 18 Effects 11 | . . . . . 11 . . . . . . . . . . . . . . . . . . . . . . . . Shutdowns 2 | . . . . . 2 . . . . . . . . . . . . . . . . . . . . . . . . Energy Bleed 2 | . . . . . 2 . . . . . . . . . . . . . . . . . . . . . . . . Interference 6 | . . . . . 6 . . . . . . . . . . . . . . . . . . . . . . . . Damage (minor) 1 | . . . . . 1 . . . . . . . . . . . . . . . . . . . . . . . . Siege Activations . | . . . . . . . . . . . . . . . . . . . . . . . . . . . . . . Robots Corrupted 15 | . . . . . . . . 3 3 2 . 2 . . 1 . . . 1 1 . 1 . . 1 . . . . Combat Hostiles 13 | . . . . . . . . 3 3 2 . 2 . . 1 . . . 1 1 . . . . . . . . . Parts Fried 56 | . . . . . 2 . . 11 17 8 . 6 4 1 2 . . . 1 1 . . . . 3 . . . . Impact Corruptions 1 | . . . . . . . . . . . . . . . . . . . . . . . 1 . . . . . . Robots Melted 1 | . . . . . 1 . . . . . . . . . . . . . . . . . . . . . . . . Combat Hostiles 1 | . . . . . 1 . . . . . . . . . . . . . . . . . . . . . . . . Parts Melted 4 | . . . . . 1 3 . . . . . . . . . . . . . . . . . . . . . . . Heat Transferred 4087 | . 50 350 . 480 1028 1179 . . 150 100 . 300 50 100 . . . . . . . 150 . . . . . . 150 Parts Sabotaged 3 | . . . . . . . . . . . . . . . . . . . . 3 . . . . . . . . . Parts Stolen . | . . . . . . . . . . . . . . . . . . . . . . . . . . . . . . Parts Stripped . | . . . . . . . . . . . . . . . . . . . . . . . . . . . . . . Power Chain Reactions 16 | . . . . . 2 3 . . 2 1 . 2 3 1 . . . . . . . 1 . . . . . . 1 Missiles Intercepted . | . . . . . . . . . . . . . . . . . . . . . . . . . . . . . . Alert | -11 -10 -10 -10 -9 -8 -8 -8 -8 -7 -7 -7 -7 -6 -6 -5 -5 -5 -5 -4 -4 -3 -3 -3 -3 -2 -2 -1 -1 -1 ------- Run | Scr Mat Min Exi Min Mat Gar Mat Gar Fac Gar Fac Gar Fac Gar Fac Was Fac Gar Fac Arm Res Gar Res Gar Res Gar Acc Gar Acc Peak Influence 940 | . 23 73 . 85 256 705 388 940 575 752 394 723 391 549 391 8 61 271 251 271 59 215 161 159 58 30 13 40 37 Initial 493 | . . 8 . . 33 97 343 24 493 14 394 275 379 . 287 8 5 42 142 67 37 44 120 120 33 . . 10 . Average 177 | . 18 16 . 33 77 488 134 390 227 440 394 548 102 407 60 8 34 195 116 47 52 153 133 101 16 1 8 . 11 Maximum Alert Level 3 | . . . . . 1 3 1 3 2 3 1 3 1 2 1 . . 1 1 1 . 1 . . . . . . . Low Security (%) 68 | 100 100 100 . 100 96 10 64 33 56 17 . . 93 13 84 100 100 41 91 95 100 81 100 100 100 100 100 100 100 Level 1 15 | . . . . . 3 18 35 25 19 25 100 16 6 20 15 . . 58 8 4 . 18 . . . . . . . Level 2 14 | . . . . . . 65 . 22 24 46 . 71 . 66 . . . . . . . . . . . . . . . Level 3 2 | . . . . . . 6 . 18 . 9 . 12 . . . . . . . . . . . . . . . . . Level 4 . | . . . . . . . . . . . . . . . . . . . . . . . . . . . . . . Level 5 . | . . . . . . . . . . . . . . . . . . . . . . . . . . . . . . High Security . | . . . . . . . . . . . . . . . . . . . . . . . . . . . . . . Max Security . | . . . . . . . . . . . . . . . . . . . . . . . . . . . . . . Squads Dispatched 56 | . 1 . . . 8 . 4 . 15 . 1 . 6 . 3 . . . 5 4 . . 1 . 4 . . . 4 Investigation 21 | . 1 . . . 2 . 4 . 6 . . . 1 . 1 . . . 2 2 . . . . 1 . . . 1 Extermination 11 | . . . . . . . . . 4 . . . 3 . 1 . . . 1 1 . . . . . . . . 1 Reinforcement 13 | . . . . . 3 . . . 2 . 1 . 1 . . . . . 2 1 . . . . 3 . . . . Assault 2 | . . . . . . . . . 1 . . . . . 1 . . . . . . . . . . . . . . Garrison 9 | . . . . . 3 . . . 2 . . . 1 . . . . . . . . . 1 . . . . . 2 Intercept . | . . . . . . . . . . . . . . . . . . . . . . . . . . . . . . Construction Impeded 2 | . . . . . . . . . . . . . . . . . . . 1 . . . . . 1 . . . . Haulers Reinforced 2 | . . . . . . . . . . . 1 . 1 . . . . . . . . . . . . . . . . Alert ID Control Effect 72 | . . . . . . . . . . . . . . . . . . . . . . . . 4 10 16 . 24 18 Stealth | -11 -10 -10 -10 -9 -8 -8 -8 -8 -7 -7 -7 -7 -6 -6 -5 -5 -5 -5 -4 -4 -3 -3 -3 -3 -2 -2 -1 -1 -1 --------- Run | Scr Mat Min Exi Min Mat Gar Mat Gar Fac Gar Fac Gar Fac Gar Fac Was Fac Gar Fac Arm Res Gar Res Gar Res Gar Acc Gar Acc Distress Signals 15 | . . . . . 2 1 2 . . . . . . . 1 . . . . 6 . . 1 . 2 . . . . Communications Jammed . | . . . . . . . . . . . . . . . . . . . . . . . . . . . . . . Distress Signals . | . . . . . . . . . . . . . . . . . . . . . . . . . . . . . . Times Spotted 479 | . 4 2 . 6 17 26 11 26 31 24 . 24 26 24 24 . 6 27 44 44 1 22 6 12 17 7 3 23 22 Peak Tracking Total 14 | . 4 2 . 3 6 8 4 6 4 8 . 6 6 8 4 . 2 5 6 6 2 14 2 5 6 2 3 10 3 Tactical Retreats 17 | . . . . 1 1 . 2 2 1 4 . 1 3 . . . 1 . . 1 . . . . . . . . . Traps | -11 -10 -10 -10 -9 -8 -8 -8 -8 -7 -7 -7 -7 -6 -6 -5 -5 -5 -5 -4 -4 -3 -3 -3 -3 -2 -2 -1 -1 -1 ------- Run | Scr Mat Min Exi Min Mat Gar Mat Gar Fac Gar Fac Gar Fac Gar Fac Was Fac Gar Fac Arm Res Gar Res Gar Res Gar Acc Gar Acc Traps Triggered 72 | . 1 . . . . 5 1 8 2 7 . 7 2 13 1 . 1 6 . 1 . 8 . 4 . 1 . 4 . Indirectly . | . . . . . . . . . . . . . . . . . . . . . . . . . . . . . . Trap Hack Attempts . | . . . . . . . . . . . . . . . . . . . . . . . . . . . . . . Triggered . | . . . . . . . . . . . . . . . . . . . . . . . . . . . . . . Disarmed 40 | . . . . . 3 . . . 7 . . . . . 10 . . . 16 . . . . . 4 . . . . Reprogrammed 12 | . . . . . . . . . 6 . . . . . . . . . . . . . 6 . . . . . . Reused 3 | . . . . . . . . . 3 . . . . . . . . . . . . . . . . . . . . Traps Extracted . | . . . . . . . . . . . . . . . . . . . . . . . . . . . . . . Installed . | . . . . . . . . . . . . . . . . . . . . . . . . . . . . . . Triggered 6 | . . . . . . . . . 3 1 . . . . 2 . . . . . . . . . . . . . . Machines | -11 -10 -10 -10 -9 -8 -8 -8 -8 -7 -7 -7 -7 -6 -6 -5 -5 -5 -5 -4 -4 -3 -3 -3 -3 -2 -2 -1 -1 -1 ---------- Run | Scr Mat Min Exi Min Mat Gar Mat Gar Fac Gar Fac Gar Fac Gar Fac Was Fac Gar Fac Arm Res Gar Res Gar Res Gar Acc Gar Acc Machines Disabled 50 | . . . . . 2 3 1 7 1 6 . 4 3 4 . . . 5 2 4 . 4 . 1 . 1 . 1 1 Max in Single Turn 2 | . . . . . 2 1 1 2 1 2 . 1 2 1 . . . 1 . . . 1 . 1 . 1 . . . Garrison Access 2 | . . . . . . . . . 1 . . . . . 1 . . . . . . . . . . . . . . Garrison Relay 32 | . . . . . . 4 . 4 . 4 . 4 . 4 . . . 5 . . . 4 . 1 . 1 . 1 . Phase Generator 2 | . . . . . . . . 1 . 1 . . . . . . . . . . . . . . . . . . . Machines Sabotaged . | . . . . . . . . . . . . . . . . . . . . . . . . . . . . . . Garrisons Compromised . | . . . . . . . . . . . . . . . . . . . . . . . . . . . . . . Overloaded Fab Kills . | . . . . . . . . . . . . . . . . . . . . . . . . . . . . . . Fab Network Shutdowns 1 | . . . . . . . . . 1 . . . . . . . . . . . . . . . . . . . . Hacking | -11 -10 -10 -10 -9 -8 -8 -8 -8 -7 -7 -7 -7 -6 -6 -5 -5 -5 -5 -4 -4 -3 -3 -3 -3 -2 -2 -1 -1 -1 --------- Run | Scr Mat Min Exi Min Mat Gar Mat Gar Fac Gar Fac Gar Fac Gar Fac Was Fac Gar Fac Arm Res Gar Res Gar Res Gar Acc Gar Acc Machines Accessed 76 | . 2 . 2 . 6 . 7 . 26 . 1 . 4 . 4 . 2 . 8 4 2 . 3 . 2 . 3 . . Terminals 45 | . 2 . . . 3 . 4 . 16 . . . 2 . 3 . 1 . 5 3 1 . 2 . 1 . 2 . . Fabricators 2 | . . . . . . . . . 1 . . . . . . . . . 1 . . . . . . . . . . Repair Stations . | . . . . . . . . . . . . . . . . . . . . . . . . . . . . . . Recycling Units 13 | . . . . . 2 . 2 . 5 . . . 1 . 1 . . . 1 1 . . . . . . . . . Scanalyzers . | . . . . . . . . . . . . . . . . . . . . . . . . . . . . . . Garrison Access 14 | . . . . . 1 . 1 . 4 . 1 . 1 . . . 1 . 1 . 1 . 1 . 1 . 1 . . Total Hacks 227 | . 5 . 4 . 26 . 19 . 87 . 3 . 12 . 12 . 2 . 18 15 2 . 8 . 7 . 7 . . Successful 198 | . 3 . 4 . 21 . 15 . 82 . 3 . 11 . 10 . 2 . 17 11 2 . 6 . 6 . 5 . . Failed 29 | . 2 . . . 5 . 4 . 5 . . . 1 . 2 . . . 1 4 . . 2 . 1 . 2 . . Catastrophic 2 | . . . . . . . . . . . . . . . . . . . . . . . 1 . . . 1 . . Database Lockouts . | . . . . . . . . . . . . . . . . . . . . . . . . . . . . . . Manual 175 | . 5 1 1 . 23 . 21 . 58 . 1 . 10 . 11 . 1 . 15 13 2 . 8 . . . 5 . . Terminals 173 | . 5 . . . 21 . 16 . 64 . . . 10 . 11 . 1 . 12 14 1 . 6 . 6 . 6 . . Fabricators 11 | . . . . . . . . . 7 . . . . . . . . . 4 . . . . . . . . . . Repair Stations . | . . . . . . . . . . . . . . . . . . . . . . . . . . . . . . Recycling Units 13 | . . . . . 2 . 2 . 5 . . . 1 . 1 . . . 1 1 . . . . . . . . . Scanalyzers . | . . . . . . . . . . . . . . . . . . . . . . . . . . . . . . Garrison Access 26 | . . . . . 3 . 1 . 11 . 3 . 1 . . . 1 . 1 . 1 . 2 . 1 . 1 . . Terminal Hacks 126 | . 1 . 4 . 12 . 9 . 48 . . . 7 . 9 . 1 . 11 10 1 . 4 . 5 . 4 . . Record 17 | . . . 3 . . . . . 7 . . . . . 1 . . . 1 1 . . . . 3 . 1 . . Part Schematic 5 | . . . . . . . . . 2 . . . 1 . 2 . . . . . . . . . . . . . . Robot Schematic 1 | . . . . . . . . . . . . . . . . . . . . 1 . . . . . . . . . Robot Analysis 7 | . . . . . . . . . 3 . . . 1 . . . . . . 2 . . . . . . 1 . . Level Access Points 2 | . . . . . . . . . 1 . . . . . . . . . . 1 . . . . . . . . . Branch Access Points 7 | . . . . . . . 1 . 2 . . . . . . . . . 1 1 . . 1 . . . 1 . . Emergency Access Points 1 | . . . . . . . . . 1 . . . . . . . . . . . . . . . . . . . . Machine Index 7 | . . . . . 1 . 1 . . . . . 1 . 1 . . . 1 1 1 . . . . . . . . Terminal Index 2 | . 1 . . . . . . . 1 . . . . . . . . . . . . . . . . . . . . Fabricator Index 1 | . . . . . . . . . . . . . . . . . 1 . . . . . . . . . . . . Garrison Index 3 | . . . . . . . . . . . . . . . . . . . . 1 . . 1 . . . 1 . . Alert Level 2 | . . . . . 2 . . . . . . . . . . . . . . . . . . . . . . . . Unreport Threat 16 | . . . . . 3 . 3 . 8 . . . 2 . . . . . . . . . . . . . . . . Locate Traps 8 | . . . . . 1 . . . 6 . . . . . . . . . . . . . . . 1 . . . . Disarm Traps 13 | . . . . . 1 . . . 2 . . . . . 3 . . . 6 . . . . . 1 . . . . Reprogram Traps 4 | . . . . . . . . . 2 . . . . . . . . . . . . . 2 . . . . . . Recall Investigation 14 | . . . . . 1 . 4 . 6 . . . 1 . 1 . . . 1 . . . . . . . . . . Recall Extermination 6 | . . . . . . . . . 4 . . . 1 . 1 . . . . . . . . . . . . . . Recall Reinforcements 5 | . . . . . 3 . . . 1 . . . . . . . . . 1 . . . . . . . . . . Registered Components 2 | . . . . . . . . . 1 . . . . . . . . . . 1 . . . . . . . . . Registered Prototypes 1 | . . . . . . . . . . . . . . . . . . . . 1 . . . . . . . . . Zone Layout 1 | . . . . . . . . . 1 . . . . . . . . . . . . . . . . . . . . EX-Prototype ID Bank 1 | . . . 1 . . . . . . . . . . . . . . . . . . . . . . . . . . Fabricator Hacks 6 | . . . . . . . . . 4 . . . . . . . . . 2 . . . . . . . . . . Load Schematic 2 | . . . . . . . . . 1 . . . . . . . . . 1 . . . . . . . . . . Build 4 | . . . . . . . . . 3 . . . . . . . . . 1 . . . . . . . . . . Repair Station Hacks . | . . . . . . . . . . . . . . . . . . . . . . . . . . . . . . Recycling Unit Hacks . | . . . . . . . . . . . . . . . . . . . . . . . . . . . . . . Scanalyzer . | . . . . . . . . . . . . . . . . . . . . . . . . . . . . . . Garrison Access Hacks 16 | . . . . . 1 . 1 . 6 . 2 . 1 . . . 1 . . . 1 . 1 . 1 . 1 . . Unlock Access 10 | . . . . . 1 . 1 . 1 . 1 . 1 . . . 1 . . . 1 . 1 . 1 . 1 . . Coupler Status 6 | . . . . . . . . . 5 . 1 . . . . . . . . . . . . . . . . . . Unauthorized Hacks 49 | . 2 . . . 8 . 5 . 23 . 1 . 3 . 1 . . . 4 1 . . 1 . . . . . . Terminals 22 | . 2 . . . 4 . 3 . 11 . . . 2 . . . . . . . . . . . . . . . . Track 1 | . . . . . 1 . . . . . . . . . . . . . . . . . . . . . . . . Assimilate 6 | . . . . . 1 . . . 5 . . . . . . . . . . . . . . . . . . . . Botnet 12 | . 1 . . . 1 . 3 . 6 . . . 1 . . . . . . . . . . . . . . . . Operators 3 | . 1 . . . 1 . . . . . . . 1 . . . . . . . . . . . . . . . . Fabricators 5 | . . . . . . . . . 3 . . . . . . . . . 2 . . . . . . . . . . Report 1 | . . . . . . . . . 1 . . . . . . . . . . . . . . . . . . . . Prioritize 2 | . . . . . . . . . 1 . . . . . . . . . 1 . . . . . . . . . . Siphon 2 | . . . . . . . . . 1 . . . . . . . . . 1 . . . . . . . . . . Repair Stations . | . . . . . . . . . . . . . . . . . . . . . . . . . . . . . . Recycling Units 13 | . . . . . 2 . 2 . 5 . . . 1 . 1 . . . 1 1 . . . . . . . . . Tunnel 13 | . . . . . 2 . 2 . 5 . . . 1 . 1 . . . 1 1 . . . . . . . . . Scanalyzers . | . . . . . . . . . . . . . . . . . . . . . . . . . . . . . . Garrison Access 9 | . . . . . 2 . . . 4 . 1 . . . . . . . 1 . . . 1 . . . . . . Restock 4 | . . . . . . . . . 4 . . . . . . . . . . . . . . . . . . . . Reprogram 5 | . . . . . 2 . . . . . 1 . . . . . . . 1 . . . 1 . . . . . . Data Cores Recovered 1 | . . . . . . . . . 1 . . . . . . . . . . . . . . . . . . . . Used . | . . . . . . . . . . . . . . . . . . . . . . . . . . . . . . Hacking Detections 28 | . 1 . . . 3 . 3 . 9 . 1 . 2 . 1 . . . 2 1 1 . 1 . 1 . 2 . . Full Trace Events 2 | . . . . . . . 1 . . . . . . . . . . . . . . . . . 1 . . . . Feedback Events . | . . . . . . . . . . . . . . . . . . . . . . . . . . . . . . Feedback Blocked . | . . . . . . . . . . . . . . . . . . . . . . . . . . . . . . Robot Schematics Acquired 1 | . . . . . . . . . . . . . . . . . . . . 1 . . . . . . . . . Robots Built . | . . . . . . . . . . . . . . . . . . . . . . . . . . . . . . Matter . | . . . . . . . . . . . . . . . . . . . . . . . . . . . . . . Time . | . . . . . . . . . . . . . . . . . . . . . . . . . . . . . . Total Robot Build Rating . | . . . . . . . . . . . . . . . . . . . . . . . . . . . . . . Part Schematics Acquired 5 | . . . . . . . . . 2 . . . 1 . 2 . . . . . . . . . . . . . . Parts Built 4 | . . . . . . . . . 3 . . . . . . . . . 1 . . . . . . . . . . Matter 690 | . . . . . . . . . 477 . . . . . . . . . 213 . . . . . . . . . . Time 197 | . . . . . . . . . 159 . . . . . . . . . 38 . . . . . . . . . . Total Part Build Rating 23 | . . . . . . . . . 18 . . . . . . . . . 5 . . . . . . . . . . Parts Repaired . | . . . . . . . . . . . . . . . . . . . . . . . . . . . . . . Time . | . . . . . . . . . . . . . . . . . . . . . . . . . . . . . . Parts Recycled . | . . . . . . . . . . . . . . . . . . . . . . . . . . . . . . Recycled Matter . | . . . . . . . . . . . . . . . . . . . . . . . . . . . . . . Retrieved Matter . | . . . . . . . . . . . . . . . . . . . . . . . . . . . . . . Retrieved Components . | . . . . . . . . . . . . . . . . . . . . . . . . . . . . . . Parts Scanalyzed . | . . . . . . . . . . . . . . . . . . . . . . . . . . . . . . Part Schematics Acquired . | . . . . . . . . . . . . . . . . . . . . . . . . . . . . . . Parts Damaged . | . . . . . . . . . . . . . . . . . . . . . . . . . . . . . . Bothacking | -11 -10 -10 -10 -9 -8 -8 -8 -8 -7 -7 -7 -7 -6 -6 -5 -5 -5 -5 -4 -4 -3 -3 -3 -3 -2 -2 -1 -1 -1 ------------ Run | Scr Mat Min Exi Min Mat Gar Mat Gar Fac Gar Fac Gar Fac Gar Fac Was Fac Gar Fac Arm Res Gar Res Gar Res Gar Acc Gar Acc Used RIF Installer 10 | . . . . . . 1 . 1 . 1 . 1 . 1 . . . 1 . . . 1 . 1 . 1 . 1 . Hotswap 1 | . . . . . . . . 1 . . . . . . . . . . . . . . . . . . . . . Command Fork 1 | . . . . . . . . . . 1 . . . . . . . . . . . . . . . . . . . Threat Obfuscator 2 | . . . . . . . . . . . . 1 . . . . . 1 . . . . . . . . . . . Patrol Navigation 1 | . . . . . . . . . . . . . . . . . . . . . . 1 . . . . . . . Alert ID Control 1 | . . . . . . . . . . . . . . . . . . . . . . . . 1 . . . . . Structural Interface 1 | . . . . . . . . . . . . . . . . . . . . . . . . . . 1 . . . Autooverride 1 | . . . . . . . . . . . . . . . . . . . . . . . . . . . . 1 . Autoassimilate 1 | . . . . . . . . . . . . . . 1 . . . . . . . . . . . . . . . Robots Hacked 271 | . . . . . . . 2 . 4 5 1 5 16 14 23 . 6 21 40 40 1 22 4 13 8 5 4 19 18 Non-combat 35 | . . . . . . . 2 . 2 . 1 . 3 1 4 . 4 . 5 7 . . 2 . . . . . 4 Combat 236 | . . . . . . . . . 2 5 . 5 13 13 19 . 2 21 35 33 1 22 2 13 8 5 4 19 14 Autooverrided 4 | . . . . . . . . . . . . . . . . . . . . . . . . . . . . . 4 Autoassimilated 26 | . . . . . . . . . . . . . . . 3 . . 2 4 3 1 4 . 2 . . 1 2 4 Robot Hacks Applied 259 | . . . . . . . 3 . 4 5 3 6 16 15 24 . 6 19 39 41 . 20 4 11 8 5 3 17 10 parse_system 10 | . . . . . . . . . 1 . . 1 1 . 3 . . . 2 1 . 1 . . . . . . . start_evac 3 | . . . . . . . . . . . 1 . 1 . 1 . . . . . . . . . . . . . . map_walls 1 | . . . . . . . . . . . . . . . . . 1 . . . . . . . . . . . . drop_inventory 2 | . . . . . . . 1 . 1 . . . . . . . . . . . . . . . . . . . . recall_reinforcements 2 | . . . . . . . . . . . 1 . 1 . . . . . . . . . . . . . . . . locate_stockpiles 3 | . . . . . . . 1 . . . 1 . . . . . 1 . . . . . . . . . . . . ignore_parts 2 | . . . . . . . . . . . . . . . . . . . . . . . . . . . . . 2 purge_threat 6 | . . . . . . . . . 1 . . . . . 2 . . . 1 2 . . . . . . . . . block_reporting 3 | . . . . . . . . . . . . . . . 1 . . . 1 1 . . . . . . . . . mark_security 1 | . . . . . . . 1 . . . . . . . . . . . . . . . . . . . . . . scatter_targeting 2 | . . . . . . . . . . . . . . 1 . . . . . . . 1 . . . . . . . spike_heat 1 | . . . . . . . . . . . . . . . . . . . . 1 . . . . . . . . . overload_power 5 | . . . . . . . . . 1 . . . . . . . 2 . 2 . . . . . . . . . . wipe_record 2 | . . . . . . . . . . . . . . . . . . . . 1 . 1 . . . . . . . disable_weapons 1 | . . . . . . . . . . . . . . . . . . . . . . . . 1 . . . . . reboot_system 4 | . . . . . . . . . . . . 1 . 2 . . . . 1 . . . . . . . . . . go_dormant 2 | . . . . . . . . . . . . . . . 1 . 1 . . . . . . . . . . . . formatsys_low 2 | . . . . . . . . . . . . . . . 1 . . . 1 . . . . . . . . . . formatsys_high 207 | . . . . . . . . . . 5 . 4 13 12 15 . 1 19 31 35 . 17 4 10 8 5 3 17 8 Relay Couplers Released 57 | . . . . . . 7 . 8 1 6 . 8 . 5 2 . . 8 . . . 7 . 2 . 2 . 1 . Machine Destruction 57 | . . . . . . 7 . 8 1 6 . 8 . 5 2 . . 8 . . . 7 . 2 . 2 . 1 . Attached 15 | . . . . . . . 1 1 . 2 . 2 1 2 . . 1 1 . . . 2 . . . . . 2 . Robots Rewired 40 | . . . . . . . . . 2 2 . 3 2 3 2 . . 10 1 13 . . . . . . . . 2 Allies Hacked 8 | . . . . . . . . . . . . . . . 1 . . . 1 3 . . 1 1 . . . . 1 Hacks Repelled . | . . . . . . . . . . . . . . . . . . . . . . . . . . . . . . Allies | -11 -10 -10 -10 -9 -8 -8 -8 -8 -7 -7 -7 -7 -6 -6 -5 -5 -5 -5 -4 -4 -3 -3 -3 -3 -2 -2 -1 -1 -1 -------- Run | Scr Mat Min Exi Min Mat Gar Mat Gar Fac Gar Fac Gar Fac Gar Fac Was Fac Gar Fac Arm Res Gar Res Gar Res Gar Acc Gar Acc Total Allies 333 | . . . . . 3 . . . 5 7 . 9 17 16 23 1 1 35 42 56 1 28 7 14 15 5 4 24 20 Largest Group 48 | . . . . . 3 3 . . 5 6 6 9 20 21 21 1 1 20 48 36 22 31 20 27 26 15 10 22 24 Highest-Rated Group 1949 | . . . . . 53 52 . . 110 116 116 205 537 621 778 31 29 674 1949 1784 1113 1491 1009 1331 1535 1113 693 1387 1533 Highest-Rated Ally 222 | . . . . . 21 20 . . 32 32 32 32 47 47 81 31 29 81 81 115 115 115 115 64 147 147 147 222 222 Total Orders 38 | . . . . . . . . . 5 . . . 10 . 18 . . . 5 . . . . . . . . . . STAY 26 | . . . . . . . . . 5 . . . 7 . 11 . . . 3 . . . . . . . . . . FOLLOW 12 | . . . . . . . . . . . . . 3 . 7 . . . 2 . . . . . . . . . . Ally Attacks 1157 | . . . . . 2 11 . . 5 19 . 42 44 123 65 . . 34 122 180 1 62 23 68 65 69 . 131 91 Total Damage 36030 | . . . . . 107 115 . . 227 370 . 780 718 2836 1660 . . 701 2858 6021 . 2457 687 2052 2552 2519 . 5109 4261 Kills 196 | . . . . . . 4 . . 3 4 . 7 3 17 11 . . 10 16 27 . 13 3 5 12 18 . 24 19 Allies Corrupted 16 | . . . . . . . . . . . . . . . 3 . . 1 . 10 . . 1 . . . . . 1 Allies Melted 1 | . . . . . . . . . . . . . . . . . . . . . . . . 1 . . . . . Intel | -11 -10 -10 -10 -9 -8 -8 -8 -8 -7 -7 -7 -7 -6 -6 -5 -5 -5 -5 -4 -4 -3 -3 -3 -3 -2 -2 -1 -1 -1 ------- Run | Scr Mat Min Exi Min Mat Gar Mat Gar Fac Gar Fac Gar Fac Gar Fac Was Fac Gar Fac Arm Res Gar Res Gar Res Gar Acc Gar Acc Robot Analysis Total 7 | . . . . . . . . . 3 . . . 1 . . . . . . 2 . . . . . . 1 . . Derelict Logs Recovered 4 | . . 2 . 2 . . . . . . . . . . . . . . . . . . . . . . . . . Drone Launches . | . . . . . . . . . . . . . . . . . . . . . . . . . . . . . . Drone Recoveries . | . . . . . . . . . . . . . . . . . . . . . . . . . . . . . . Exploration | -11 -10 -10 -10 -9 -8 -8 -8 -8 -7 -7 -7 -7 -6 -6 -5 -5 -5 -5 -4 -4 -3 -3 -3 -3 -2 -2 -1 -1 -1 ------------- Run | Scr Mat Min Exi Min Mat Gar Mat Gar Fac Gar Fac Gar Fac Gar Fac Was Fac Gar Fac Arm Res Gar Res Gar Res Gar Acc Gar Acc Turns Passed 17500 | 70 320 495 414 91 851 686 887 965 2154 542 180 610 1338 805 1808 112 273 597 995 743 130 455 219 220 189 233 119 625 374 Spaces Moved 26770 | 80 389 556 613 125 1032 915 1344 1002 5166 716 323 580 2128 1047 2437 317 746 889 1780 989 145 622 283 215 307 296 182 657 889 Core 515 | 3 . . . . . . . . . . . . . . . . . . . . . 300 212 . . . . . . Treads . | . . . . . . . . . . . . . . . . . . . . . . . . . . . . . . Legs . | . . . . . . . . . . . . . . . . . . . . . . . . . . . . . . Wheels 1144 | 77 389 556 122 . . . . . . . . . . . . . . . . . . . . . . . . . . Hover . | . . . . . . . . . . . . . . . . . . . . . . . . . . . . . . Flight 25111 | . . . 491 125 1032 915 1344 1002 5166 716 323 580 2128 1047 2437 317 746 889 1780 989 145 322 71 215 307 296 182 657 889 Fastest Speed 29 | 50 80 80 40 37 37 37 32 32 32 29 35 35 35 35 34 34 34 34 34 34 34 34 34 34 34 34 34 34 34 Average Speed 36 | 78 80 80 47 38 37 37 32 32 32 30 35 35 35 35 34 34 34 34 34 34 34 41 45 34 34 34 34 34 34 Slowest Speed 117 | 80 80 80 80 40 37 117 105 32 102 35 35 35 35 35 35 34 34 34 40 34 34 50 50 34 34 34 34 34 34 Overloaded Moves 467 | . . . . . . . . . . 467 . . . . . . . . . . . . . . . . . . . Propulsion Burnouts 1 | . . . . . . . . . . 1 . . . . . . . . . . . . . . . . . . . Robots Hopped 291 | . . . . 6 14 . 17 1 62 . . . 42 . 39 . 1 . 29 21 2 . 3 . 4 18 . 16 16 Cave-ins Triggered 1 | . . . . . 1 . . . . . . . . . . . . . . . . . . . . . . . . Exploration Rate (%) 49 | 4 47 97 91 27 51 86 41 85 69 80 11 73 22 88 21 96 17 85 26 64 6 80 10 40 13 47 5 76 22 Regions Visited 29 Branch Regions 4 Pre-discovered Areas 15 | . . 1 1 . 2 . 2 . 5 . . . 1 . 1 . . . 1 1 . . . . . . . . . Known Exits Taken 12 | . . . . . 1 . 1 . 1 . 1 . 1 . . . 1 . 1 1 1 . 1 . 1 . 1 . . Unknown Exits Taken 5 | 1 1 1 1 1 . . . . . . . . . . . . . . . . . . . . . . . . . Scrap Searched 1 | . . 1 . . . . . . . . . . . . . . . . . . . . . . . . . . . Spaces Dug 68 | . . . . . 11 4 50 . . . . . . . . . . . . . . . . . . . . . 3 Terrain Destroyed 360 | . . . . . 62 10 64 73 6 73 . 16 51 . . . . . . . . . . . . . . . 5 Melee 11 | . . . . . 11 . . . . . . . . . . . . . . . . . . . . . . . . Projectile 3 | . . . . . . . . . . . . . . . . . . . . . . . . . . . . . 3 AOE 346 | . . . . . 51 10 64 73 6 73 . 16 51 . . . . . . . . . . . . . . . 2 Terrain Rammed . | . . . . . . . . . . . . . . . . . . . . . . . . . . . . . . Walls Destroyed . | . . . . . . . . . . . . . . . . . . . . . . . . . . . . . . Machines Disabled . | . . . . . . . . . . . . . . . . . . . . . . . . . . . . . . Actions | -11 -10 -10 -10 -9 -8 -8 -8 -8 -7 -7 -7 -7 -6 -6 -5 -5 -5 -5 -4 -4 -3 -3 -3 -3 -2 -2 -1 -1 -1 --------- Run | Scr Mat Min Exi Min Mat Gar Mat Gar Fac Gar Fac Gar Fac Gar Fac Was Fac Gar Fac Arm Res Gar Res Gar Res Gar Acc Gar Acc Total 33159 | 84 393 587 728 140 1386 1150 1737 1534 5475 947 385 910 2604 1420 3325 318 761 1142 2104 1327 223 794 366 347 365 405 239 1041 922 Wait 4599 | . . 13 103 10 269 58 357 313 213 33 59 125 425 224 854 . . 157 269 262 77 49 72 99 38 114 51 355 . Move 26203 | 79 388 555 612 112 1004 913 1309 998 5043 714 322 578 2048 1045 2366 316 743 885 1728 956 141 620 276 213 298 269 181 633 858 Hop 235 | . . . . 6 13 . 17 1 60 . . . 37 . 31 . 1 . 22 11 1 . 3 . 4 7 . 6 15 Pick Up 68 | . 3 2 1 . 6 6 1 5 5 5 . 7 1 5 . . . 6 . . . 8 . 2 . 2 . . 3 Fast Attach 86 | 5 . . 2 1 9 10 7 2 30 1 . . . 2 3 . . 1 3 3 . . 2 . 1 . 1 . 3 Attach 34 | . . . 2 . 7 1 4 . 3 2 . 3 1 3 . . 1 . . . . 2 . . . . . 2 3 Detach 16 | . . . 2 . 7 1 1 . 3 1 . 1 . . . . . . . . . . . . . . . . . Swap 18 | . . . 2 . 4 4 1 1 . . . . . . 1 . 1 . 1 . 1 . . . 1 . 1 . . Drop 94 | . . . 2 . 10 11 7 1 31 3 . 4 1 3 2 . . 1 2 2 1 . 3 . . 1 2 . 7 Fire 825 | . 2 9 2 11 29 49 19 54 58 47 4 42 51 52 44 2 7 57 61 80 2 34 6 25 19 8 3 20 28 Melee 39 | . . . . . 23 . 6 . 9 1 . . . . . . . . . . . . . . . . . . . Ram 5 | . . 2 . . . . . . 1 . . . . . . . . . . . . . 2 . . . . . . Kick . | . . . . . . . . . . . . . . . . . . . . . . . . . . . . . . Crush . | . . . . . . . . . . . . . . . . . . . . . . . . . . . . . . Escape Stasis 720 | . . . . . . 69 . 138 . 124 . 122 33 82 1 . 8 26 . 6 . 76 . 8 . 3 . 24 . Rewire 75 | . . . . . . . . . . 3 . 1 6 4 9 . . 9 18 7 . 5 2 . 4 1 . 1 5 Trap . | . . . . . . . . . . . . . . . . . . . . . . . . . . . . . . Miscellaneous 142 | . . 6 . . 5 28 8 21 19 13 . 27 1 . 14 . . . . . . . . . . . . . . Route ------- -11/Scrapyard -10/Materials (discovered 2 exits: [*Mat] / *Min) -10/Mines (discovered 3 exits: [*Mat x2] / *Exi) -10/Exiles (discovered 2 exits: [*Min x2]) -9/Mines -8/Materials (discovered 3 exits: *Fac / Sto / Gar) -8/Garrison (discovered 3 exits: *Mat x3) -8/Materials (discovered 3 exits: *Fac / *Sto / Gar) -8/Garrison (discovered 3 exits: *Fac x3) -7/Factory (discovered 7 exits: *Fac x4 / *Low x2 / Gar) -7/Garrison (discovered 3 exits: *Fac x3) -7/Factory -7/Garrison (discovered 3 exits: *Fac x3) -6/Factory (discovered 2 exits: *Fac / Gar) -6/Garrison (discovered 3 exits: *Fac x3) -5/Factory -5/Waste -5/Factory -5/Garrison (discovered 3 exits: *Fac x3) -4/Factory (discovered 3 exits: Upp x2 / *Arm) -4/Armory (discovered 2 exits: *Res x2) -3/Research -3/Garrison (discovered 3 exits: *Res x3) -3/Research (discovered 3 exits: Qua x2 / Gar) -3/Garrison -2/Research -2/Garrison -1/Access (discovered 2 exits: Com / Gar) -1/Garrison (discovered 3 exits: *Acc x3) -1/Access History --------- Turn | Location | Event 2 | -11/Scrapyard | Upgraded with Propulsion slot (x1) 2 | -11/Scrapyard | Upgraded with Utility slot (x1) 2 | -11/Scrapyard | Upgraded with Weapon slot (x1) 19 | -11/Scrapyard | Discovered new exit (range 15) 71 | -11/Scrapyard | Entered Materials 300 | -10/Materials | Build established: Mutant 380 | -10/Materials | Discovered new exit (range 12) 381 | -10/Materials | Discovered new exit (range 17) 391 | -10/Materials | Entered Mines 401 | -10/Mines | Met a Derelict bent on vengeance 424 | -10/Mines | Discovered new exit (range 20) 649 | -10/Mines | Received a Rocket Launcher from a helpful Derelict 668 | -10/Mines | Discovered new exit (range 13) 680 | -10/Mines | Learned Materials trap positions 754 | -10/Mines | A weapon hastily lodged in a ceiling crevice suddenly fell to the ground 848 | -10/Mines | Deemed a non-threat by the Exiles lab entrance 881 | -10/Mines | Discovered new exit (range 5) 886 | -10/Mines | Entered Exiles 897 | -10/Exiles | Discovered new exit (range 16) 906 | -10/Exiles | Met 8R-AWN 919 | -10/Exiles | Met EX-HEX 943 | -10/Exiles | Met EX-BIN 951 | -10/Exiles | Aligned with FarCom system 952 | -10/Exiles | Given EX-Vault access code 971 | -10/Exiles | Opened EX-Vault 979 | -10/Exiles | Found Cloak of Protection 982 | -10/Exiles | Found Chronowheel 990 | -10/Exiles | Found Superbattery 1105 | -10/Exiles | Warned to stay clear of 0b10 Research branches 1110 | -10/Exiles | Upgraded with Utility slot (x2) 1133 | -10/Exiles | Met EX-DEC 1150 | -10/Exiles | Visited The Gauntlet 1215 | -10/Exiles | Discovered new exit (range 10) 1284 | -10/Exiles | Learned location of Zion (-7) 1300 | -10/Exiles | Stole three prototypes: Superbattery, Cloak of Protection, Chronowheel 1300 | -10/Exiles | Entered Mines 1302 | -9/Mines | Reached level 2 1303 | -9/Mines | Learned location of 1 exit from Proximity Caves 1313 | -9/Mines | Learned location of 1 exit from Materials 1328 | -9/Mines | Discovered new exit (range 9) 1391 | -9/Mines | Entered Materials 1392 | -8/Materials | Identified exit to Storage 1393 | -8/Materials | Loaded intel: 13 trap records 1393 | -8/Materials | Reached level 3 1728 | -8/Materials | Crushed by falling debris 1785 | -8/Materials | Upgraded with Utility slot (x6) 1883 | -8/Materials | Garrison activated, responded to threat 1887 | -8/Materials | Core integrity fell below 50% 1896 | -8/Materials | Core integrity fell below 20% 2068 | -8/Materials | Reached level 4 2090 | -8/Materials | Build established: Wizard-Scout 2158 | -8/Materials | Discovered new exit (range 19) 2164 | -8/Materials | Identified exit to Factory 2241 | -8/Materials | Identified exit to Garrison 2242 | -8/Materials | Entered Garrison 2242 | -8/Garrison | Accompanied by 3 allies 2244 | -8/Garrison | Reached level 5 2259 | -8/Garrison | Garrison Relay disabled 2266 | -8/Garrison | Triggered checkpoint 2306 | -8/Garrison | Triggered checkpoint 2376 | -8/Garrison | Discovered new exit (range 12) 2379 | -8/Garrison | Identified exit to Materials 2418 | -8/Garrison | Triggered checkpoint 2430 | -8/Garrison | Triggered checkpoint 2437 | -8/Garrison | Reached level 6 2475 | -8/Garrison | Destroyed 7 combat bots 2488 | -8/Garrison | Discovered exit to Materials (range 19) 2499 | -8/Garrison | Installed Relay Interface Framework 2516 | -8/Garrison | Triggered checkpoint 2541 | -8/Garrison | Garrison Relay disabled 2575 | -8/Garrison | Discovered exit to Materials (range 9) 2588 | -8/Garrison | Garrison Relay disabled 2588 | -8/Garrison | Reached level 7 2634 | -8/Garrison | Triggered checkpoint 2646 | -8/Garrison | Garrison Relay disabled 2928 | -8/Garrison | Entered Materials 2935 | -8/Materials | Upgraded with Weapon slot (x1) 3090 | -8/Materials | Discovered exit to Factory (range 20) 3132 | -8/Materials | Discovered exit to Storage (range 19) 3153 | -8/Materials | Upgraded with Utility slot (x4) 3237 | -8/Materials | Build established: Wizard-Ninja 3479 | -8/Materials | Reached level 8 3815 | -8/Materials | Identified exit to Garrison 3815 | -8/Materials | Entered Garrison 3817 | -8/Garrison | Expanded RIF knowledge: Hotswap 3850 | -8/Garrison | Triggered checkpoint 3900 | -8/Garrison | Garrison Relay disabled 4145 | -8/Garrison | Upgraded with Power slot (x1) 4152 | -8/Garrison | Triggered checkpoint 4219 | -8/Garrison | Reached level 9 4277 | -8/Garrison | Discovered exit to Factory (range 15) 4300 | -8/Garrison | Triggered checkpoint 4381 | -8/Garrison | Garrison Relay disabled 4472 | -8/Garrison | Triggered checkpoint 4491 | -8/Garrison | Reached level 10 4527 | -8/Garrison | Discovered exit to Factory (range 11) 4554 | -8/Garrison | Garrison Relay disabled 4602 | -8/Garrison | Phase Generator disabled 4634 | -8/Garrison | Triggered checkpoint 4658 | -8/Garrison | Garrison Relay disabled 4700 | -8/Garrison | Triggered checkpoint 4704 | -8/Garrison | Reached level 11 4742 | -8/Garrison | Triggered checkpoint 4772 | -8/Garrison | Discovered exit to Factory (range 12) 4780 | -8/Garrison | Entered Factory 4782 | -7/Factory | FarCom data flow suspended 4782 | -7/Factory | Reached level 12 5114 | -7/Factory | Build established: Wizard-Scout 5266 | -7/Factory | Identified exit to Lower Caves 5266 | -7/Factory | Identified exit to Factory 5717 | -7/Factory | Reached level 13 5839 | -7/Factory | Build established: Wizard-Ninja 6042 | -7/Factory | Fabricated Imp. Arc Projector (x1) 6099 | -7/Factory | Fabricated Imp. Arc Projector? 6248 | -7/Factory | Fabricated Imp. Arc Projector? 6353 | -7/Factory | Upgraded with Weapon slot (x1) 6457 | -7/Factory | Reached level 14 6564 | -7/Factory | Local fabrication network quarantined 6930 | -7/Factory | Identified exit to Garrison 6934 | -7/Factory | Entered Garrison 6944 | -7/Garrison | Garrison Relay disabled 6952 | -7/Garrison | Triggered checkpoint 7000 | -7/Garrison | Triggered checkpoint 7028 | -7/Garrison | Triggered checkpoint 7037 | -7/Garrison | Reached level 15 7228 | -7/Garrison | Discovered new exit (range 19) 7254 | -7/Garrison | Triggered checkpoint 7257 | -7/Garrison | Garrison Relay disabled 7291 | -7/Garrison | Discovered new exit (range 13) 7294 | -7/Garrison | Identified exit to Factory 7306 | -7/Garrison | Triggered checkpoint 7308 | -7/Garrison | Garrison Relay disabled 7362 | -7/Garrison | Phase Generator disabled 7407 | -7/Garrison | Discovered exit to Factory (range 10) 7416 | -7/Garrison | Triggered checkpoint 7433 | -7/Garrison | Garrison Relay disabled 7450 | -7/Garrison | Build established: Wizard-Scout 7453 | -7/Garrison | Expanded RIF knowledge: Command Fork 7476 | -7/Garrison | Entered Factory 7476 | -7/Factory | Accompanied by 6 allies 7630 | -7/Factory | Identified exit to Garrison 7656 | -7/Factory | Entered Garrison 7656 | -7/Garrison | Accompanied by 6 allies 7658 | -7/Garrison | Expanded RIF knowledge: Threat Obfuscation 7688 | -7/Garrison | Triggered checkpoint 7691 | -7/Garrison | Reached level 16 7701 | -7/Garrison | Upgraded with Utility slot (x1) 7712 | -7/Garrison | Garrison Relay disabled 7795 | -7/Garrison | Triggered checkpoint 7800 | -7/Garrison | Triggered checkpoint 7872 | -7/Garrison | Triggered checkpoint 7884 | -7/Garrison | Triggered checkpoint 7944 | -7/Garrison | Discovered exit to Factory (range 21) 7949 | -7/Garrison | Build established: Botlord-Scout 7962 | -7/Garrison | Triggered checkpoint 7993 | -7/Garrison | Garrison Relay disabled 8049 | -7/Garrison | Discovered exit to Factory (range 13) 8060 | -7/Garrison | Triggered checkpoint 8118 | -7/Garrison | Garrison Relay disabled 8164 | -7/Garrison | Discovered exit to Factory (range 9) 8190 | -7/Garrison | Garrison Relay disabled 8266 | -7/Garrison | Entered Factory 8266 | -6/Factory | Accompanied by 8 allies 8268 | -6/Factory | Reached level 17 8318 | -6/Factory | Garrison activated, responded to threat 8602 | -6/Factory | Discovered new exit (range 5) 8608 | -6/Factory | Identified exit to Factory 8633 | -6/Factory | Build established: Wizard-Scout 8808 | -6/Factory | Reached level 18 9205 | -6/Factory | Core integrity fell below 50% 9422 | -6/Factory | Identified exit to Garrison 9604 | -6/Factory | Entered Garrison 9604 | -6/Garrison | Accompanied by 18 allies 9622 | -6/Garrison | Spotted B-75 Beast 9628 | -6/Garrison | Triggered checkpoint 9632 | -6/Garrison | Allies destroyed B-75 Beast 9645 | -6/Garrison | Core integrity fell below 20% 9662 | -6/Garrison | Triggered checkpoint 9662 | -6/Garrison | Spotted B-75 Beast 9680 | -6/Garrison | Triggered checkpoint 9693 | -6/Garrison | Allies destroyed B-75 Beast 9699 | -6/Garrison | Triggered checkpoint 9704 | -6/Garrison | Reached level 19 9750 | -6/Garrison | Triggered checkpoint 9765 | -6/Garrison | Garrison Relay disabled 9781 | -6/Garrison | Discovered exit to Factory (range 11) 9845 | -6/Garrison | Discovered exit to Factory (range 14) 9853 | -6/Garrison | Expanded RIF knowledge: Autoassimilate 9870 | -6/Garrison | Garrison Relay disabled 9886 | -6/Garrison | Triggered checkpoint 9926 | -6/Garrison | Upgraded with Utility slot (x1) 9997 | -6/Garrison | Discovered exit to Factory (range 10) 10026 | -6/Garrison | Garrison Relay disabled 10032 | -6/Garrison | Triggered checkpoint 10086 | -6/Garrison | Garrison Relay disabled 10152 | -6/Garrison | Build established: Botlord-Scout 10409 | -6/Garrison | Entered Factory 10409 | -5/Factory | Accompanied by 15 allies 10411 | -5/Factory | Reached level 20 10550 | -5/Factory | Spotted B-75 Beast 10793 | -5/Factory | Reached level 21 11612 | -5/Factory | Assimilated Beast 6a with formatsys_high 12217 | -5/Factory | Sucked down chute 12217 | -5/Factory | Entered Waste 12217 | -5/Waste | The area was eerily silent 12218 | -5/Waste | Met a frightened Derelict 12325 | -5/Waste | Discovered new exit (range 11) 12329 | -5/Waste | Identified exit to Factory 12329 | -5/Waste | Entered Factory 12602 | -5/Factory | Identified exit to Garrison 12602 | -5/Factory | Entered Garrison 12614 | -5/Garrison | Triggered checkpoint 12614 | -5/Garrison | Spotted B-75 Beast 12614 | -5/Garrison | Assimilated Beast 6b with formatsys_high 12628 | -5/Garrison | Triggered checkpoint 12640 | -5/Garrison | Triggered checkpoint 12649 | -5/Garrison | Triggered checkpoint 12673 | -5/Garrison | Discovered new exit (range 9) 12680 | -5/Garrison | Triggered checkpoint 12696 | -5/Garrison | Garrison Relay disabled 12734 | -5/Garrison | Triggered checkpoint 12744 | -5/Garrison | Garrison Relay disabled 12801 | -5/Garrison | Discovered new exit (range 14) 12828 | -5/Garrison | Triggered checkpoint 12841 | -5/Garrison | Garrison Relay disabled 12894 | -5/Garrison | Garrison Relay disabled 12914 | -5/Garrison | Triggered checkpoint 13002 | -5/Garrison | Triggered checkpoint 13008 | -5/Garrison | Garrison Relay disabled 13008 | -5/Garrison | Reached level 22 13032 | -5/Garrison | Discovered new exit (range 10) 13036 | -5/Garrison | Identified exit to Factory 13039 | -5/Garrison | Expanded RIF knowledge: Threat Obfuscation 13199 | -5/Garrison | Entered Factory 13199 | -4/Factory | Accompanied by 18 allies 13201 | -4/Factory | Reached level 23 13499 | -4/Factory | Identified exit to Upper Caves 13499 | -4/Factory | Identified exit to Armory 13697 | -4/Factory | Fabricated Exp. Signal Interpreter (x1) 13873 | -4/Factory | Build established: Commander-Scout 14194 | -4/Factory | Entered Armory 14194 | -4/Armory | Accompanied by 18 allies 14196 | -4/Armory | Reached level 24 14196 | -4/Armory | Upgraded with Utility slot (x2) 14318 | -4/Armory | Discovered new exit (range 3) 14319 | -4/Armory | Identified exit to Research 14334 | -4/Armory | Spotted B-86 Titan 14338 | -4/Armory | Assimilated Titan 7a with formatsys_high 14351 | -4/Armory | Reached level 25 14937 | -4/Armory | Entered Research 14937 | -3/Research | Accompanied by 21 allies 14939 | -3/Research | Reached level 26 14962 | -3/Research | Spotted B-86 Titan 14963 | -3/Research | Autoassimilated Titan 8a with RIF 14987 | -3/Research | Identified exit to Garrison 15067 | -3/Research | Entered Garrison 15067 | -3/Garrison | Accompanied by 16 allies 15069 | -3/Garrison | Reached level 27 15078 | -3/Garrison | Triggered checkpoint 15088 | -3/Garrison | Garrison Relay disabled 15108 | -3/Garrison | Spotted B-86 Titan 15112 | -3/Garrison | Assimilated Titan 8b with formatsys_high 15121 | -3/Garrison | Triggered checkpoint 15132 | -3/Garrison | Triggered checkpoint 15155 | -3/Garrison | Discovered new exit (range 14) 15159 | -3/Garrison | Identified exit to Research 15168 | -3/Garrison | Triggered checkpoint 15190 | -3/Garrison | Discovered exit to Research (range 12) 15196 | -3/Garrison | Expanded RIF knowledge: Watcher Feeds 15206 | -3/Garrison | Triggered checkpoint 15229 | -3/Garrison | Garrison Relay disabled 15306 | -3/Garrison | Triggered checkpoint 15312 | -3/Garrison | Garrison Relay disabled 15360 | -3/Garrison | Discovered exit to Research (range 12) 15418 | -3/Garrison | Triggered checkpoint 15437 | -3/Garrison | Garrison Relay disabled 15522 | -3/Garrison | Entered Research 15522 | -3/Research | Accompanied by 17 allies 15569 | -3/Research | Identified exit to Quarantine 15615 | -3/Research | Spotted B-86 Titan 15618 | -3/Research | Assimilated Titan 8c with formatsys_high 15656 | -3/Research | Identified exit to Garrison 15673 | -3/Research | Garrison activated, responded to threat 15741 | -3/Research | Entered Garrison 15741 | -3/Garrison | Accompanied by 18 allies 15752 | -3/Garrison | Triggered checkpoint 15762 | -3/Garrison | Garrison Relay disabled 15790 | -3/Garrison | Triggered checkpoint 15806 | -3/Garrison | Core integrity fell below 50% 15809 | -3/Garrison | Reached level 28 15811 | -3/Garrison | Build established: Botlord-Scout 15816 | -3/Garrison | Triggered checkpoint 15828 | -3/Garrison | Discovered new exit (range 20) 15835 | -3/Garrison | Identified exit to Research 15838 | -3/Garrison | Expanded RIF knowledge: Alert ID Control 15844 | -3/Garrison | Triggered checkpoint 15961 | -3/Garrison | Entered Research 15961 | -2/Research | Accompanied by 21 allies 15962 | -2/Research | Core integrity fell below 50% 15963 | -2/Research | Reached level 29 16105 | -2/Research | Spotted B-90 Cyclops 16106 | -2/Research | Assimilated Cyclops 9a with formatsys_high 16111 | -2/Research | Identified exit to Garrison 16150 | -2/Research | Entered Garrison 16150 | -2/Garrison | Accompanied by 13 allies 16170 | -2/Garrison | Spotted B-90 Cyclops 16171 | -2/Garrison | Assimilated Cyclops 9b with formatsys_high 16176 | -2/Garrison | Triggered checkpoint 16189 | -2/Garrison | Discovered new exit (range 12) 16194 | -2/Garrison | Identified exit to Access 16197 | -2/Garrison | Expanded RIF knowledge: Structural Interface 16201 | -2/Garrison | Triggered checkpoint 16206 | -2/Garrison | Triggered checkpoint 16207 | -2/Garrison | Triggered checkpoint 16213 | -2/Garrison | Garrison Relay disabled 16213 | -2/Garrison | Reached level 30 16383 | -2/Garrison | Entered Access 16383 | -1/Access | Accompanied by 6 allies 16384 | -1/Access | Core integrity fell below 50% 16385 | -1/Access | Reached level 31 16389 | -1/Access | Identified exit to Command 16450 | -1/Access | Identified exit to Garrison 16502 | -1/Access | Entered Garrison 16502 | -1/Garrison | Accompanied by 9 allies 16522 | -1/Garrison | Spotted B-99 Colossus 16524 | -1/Garrison | Assimilated Colossus 10a with formatsys_high 16526 | -1/Garrison | Triggered checkpoint 16526 | -1/Garrison | Triggered checkpoint 16532 | -1/Garrison | Triggered checkpoint 16536 | -1/Garrison | Triggered checkpoint 16554 | -1/Garrison | Reached level 32 16558 | -1/Garrison | Discovered new exit (range 12) 16563 | -1/Garrison | Identified exit to Access 16588 | -1/Garrison | Triggered checkpoint 16594 | -1/Garrison | Discovered exit to Access (range 14) 16636 | -1/Garrison | Discovered exit to Access (range 9) 16642 | -1/Garrison | Expanded RIF knowledge: Autooverride 17127 | -1/Garrison | Entered Access 17127 | -1/Access | Accompanied by 17 allies 17199 | -1/Access | Core integrity fell below 20% 17203 | -1/Access | Spotted B-99 Colossus 17204 | -1/Access | Assimilated Colossus 10b with formatsys_high 17349 | -1/Access | Garrison activated, responded to threat 17485 | -1/Access | Garrison activated, responded to threat 17500 | -1/Access | P-80 Master assimilated allied Plague 10d 17501 | -1/Access | Destroyed by Warden 10b with Quantum Rifle Last Messages --------------- 17439_ R-10 Processor collects KE Penetrator. 17466_ Dropped Imp. Arc Projector. 17466_ Dropped Adv. Remote Datajack. 17474_ Dropped Hvy. Disruptor Cannon. 17475_ Acquired Adv. Remote Datajack. 17477_ Acquired Imp. Arc Projector. 17485_ ALERT: Activating Garrison Access A005. 17487_ Slug penetrates Wall. 17487_ Jacked Y-72 Warden... >>formatsys_high Rerouting network defenses. Erasing system data. Installing primary routines, ETC: 6. 17488_ Slug penetrates Enforcer 10k. 17489_ RIF automatically rewrites Y-72 Warden IFF filter. 17489_ Acquired 65 matter. 17493_ Warden 10d reactivates. 17497_ P-80 Master destroyed. 17500_ P-80 Master hacks Plague 10d, assimilated. 17500_ Slug penetrates Plague 10d. Map ----- +----------------------------------------------------+ | ##########+########+#############+#####??????????? | | ?????? + [!%!%=**!%= "??????????? | | ????????# =%! =!!%|b* "??????????? | | ????????# ########/######+##########T#??????????? | | ????????# ## g # #????###??????????? | | ????????# ## h #?????????????????? | | ????????# ## " h # #?????????????????? | | ????????# ## """[ =Y# #?????????????????? | | ????????# ## G Y [ Y# #?????????????????? | | ????????# ## """ h l# #?????????????????? | | ????????# ## " Y h# #?????????????????? | | ????????# ## g # #?????????????????? | | ????????# ## g # #?????????????????? | | ????????# ## "g ##########?????????????????? | | #####/### ## """g #??????????????????????????? | | ## """ #??????????????????????????? | | ## " #??????????????????????????? | | #####+####### w #??????????????????????????? | | # s ! #??????????????????????????? | | # *s*#??????????????????????????? | | """""" ########/#######?????????????????????? | | ""S""" ## #%! #?????????????????????? | | """ u ## # #?????????????????????? | | ## # #?????????????????????? | | ## + pp +?????????????????????? | | ! ## ### @ #?????????????#???????? | | ## ! #?# u #????????? #???????? | | ######/### ####### #???????? | | = + A #???????? | | ### =%! #???????? | | #+########+##?# Y #???????? | | ?????????# #??# """""" """""" u #???????? | | #????????# #??#=% """""" """""" #???????? | | ???????# #### """""" """""" ######???????? | | ######## """""" """""" #????????????? | | """""" """""" #????????????? | | ## #?????Y??????? | | ?# #????????????? | | ?# u#????????????? | | ?# #############R #????????????? | | ?+ #???????????# #????????????? | | ?# #???????????# #????????????? | | ?# #???????????? #????????????? | | ?# #???????????? #????????????? | | ?# #???????????? k k ????????????? | | ?# #???????????? ^ ????????????? | | ## #???????????# ????????????? | | #?????????? # ?????????????h | | ##### #????????? # """""" ????????????? | | ????# #???????? ? """""" ?????????????? | +----------------------------------------------------+ Best States ------------- Heat Dissipation 112 Coolant Potential 50 Energy Generation 65 Energy Capacity 2330 Matter Stores 350 Matter Capacity 350 Sight Range 24 Robot Scan Range 40 Terrain Scan Range 20 Terrain Scan Density 1110 ECM Strength 2 Cloak Strength 5 Resistance: KI 20 Resistance: TH 20 Resistance: EX 20 Phase Shifting 5 Evasion (%) 77 Targeting Accuracy 8 Melee Accuracy 15 Energy Filtering 30 Particle Charging 20 Offensive Hacking 85 Defensive Hacking 75 Relay Coupler Types 1192 Relay Coupler Value 11 Item Schematics ----------------- System Restoration Module | -7/Factory | Hacked Imp. Arc Projector | -7/Factory | Hacked Disruptor Cannon | -6/Factory | Hacked Hvy. Disruptor Cannon | -5/Factory | Hacked Exp. Signal Interpreter | -5/Factory | Hacked Robot Schematics ------------------ I-47 Archangel | -4/Armory | Hacked Fabricated ------------ Imp. Arc Projector | x1 | -7/Factory Imp. Arc Projector | x1 | -7/Factory Imp. Arc Projector | x1 | -7/Factory Exp. Signal Interpreter | x1 | -4/Factory Alien Tech Used ----------------- None Achievements -------------- Short-term Sacrifices Challenges ------------ None RPGLIKE | -11 -10 -10 -10 -9 -8 -8 -8 -8 -7 -7 -7 -7 -6 -6 -5 -5 -5 -5 -4 -4 -3 -3 -3 -3 -2 -2 -1 -1 -1 --------- Run | Scr Mat Min Exi Min Mat Gar Mat Gar Fac Gar Fac Gar Fac Gar Fac Was Fac Gar Fac Arm Res Gar Res Gar Res Gar Acc Gar Acc Levels Raised 31 | . . . . 1 2 3 1 3 3 1 . 1 2 1 2 . . 1 1 2 1 1 . 1 1 1 1 1 . XP Earned 49884 | 3000 . 750 350 925 3500 4129 1185 4482 4640 2304 . 1095 2447 1985 2402 97 46 1330 2732 2211 2000 1463 259 336 2111 761 2000 1138 206 XP Spent 180015 | 2800 9950 . 15000 800 28390 4700 23850 15200 7100 . . 4400 . 4700 2800 . . . 2375 14800 . 5150 . . . . 38000 . . Upgrades 158 | 11 22 . 11 1 44 2 12 9 8 . . 1 . 1 2 . . . 5 14 . 2 . . . . 13 . . Power Slot 1 | . . . . . . . . 1 . . . . . . . . . . . . . . . . . . . . . Propulsion Slot 1 | 1 . . . . . . . . . . . . . . . . . . . . . . . . . . . . . Utility Slot 17 | 1 . . 2 . 6 . 4 . . . . 1 . 1 . . . . . 2 . . . . . . . . . Weapon Slot 3 | 1 . . . . . . 1 . 1 . . . . . . . . . . . . . . . . . . . . Core Integrity 11 | . 1 . . . 10 . . . . . . . . . . . . . . . . . . . . . . . . Heat Dissipation 10 | . . . . . 10 . . . . . . . . . . . . . . . . . . . . . . . . Energy Generation 4 | . 2 . . . . . . . 1 . . . . . . . . . . . . 1 . . . . . . . Energy Storage 1 | . 1 . . . . . . . . . . . . . . . . . . . . . . . . . . . . Matter Storage 1 | . 1 . . . . . . . . . . . . . . . . . . . . . . . . . . . . Mass Support 9 | . 2 . 2 . . 2 2 . . . . . . . . . . . . . . 1 . . . . . . . Inventory Capacity 14 | . 6 . 4 . . . . 4 . . . . . . . . . . . . . . . . . . . . . Sight Range 8 | . 4 . . . . . . . 2 . . . . . 2 . . . . . . . . . . . . . . Sensor Range 20 | 5 5 . . . . . 5 . . . . . . . . . . . 5 . . . . . . . . . . Terrain Scan Density 9 | . . . . . 9 . . . . . . . . . . . . . . . . . . . . . . . . Ranged Accuracy 4 | . . . . . . . . 4 . . . . . . . . . . . . . . . . . . . . . Melee Accuracy 1 | . . . . . 1 . . . . . . . . . . . . . . . . . . . . . . . . Hack Attack % 13 | 2 . . 1 1 5 . . . . . . . . . . . . . . . . . . . . . 4 . . Hack Defense % 15 | 1 . . 2 . 3 . . . . . . . . . . . . . . . . . . . . . 9 . . KI Resistance % 4 | . . . . . . . . . . . . . . . . . . . . 4 . . . . . . . . . TH Resistance % 4 | . . . . . . . . . . . . . . . . . . . . 4 . . . . . . . . . EX Resistance % 4 | . . . . . . . . . . . . . . . . . . . . 4 . . . . . . . . . EX Damage % 4 | . . . . . . . . . 4 . . . . . . . . . . . . . . . . . . . . Protomatter Created 1278 | . . 56 . 4 34 223 58 306 221 106 . 134 112 . . . . . . 5 . . . . . . . . 19 Integrity Restored 3028 | . . 123 . . 102 606 174 447 392 276 . 588 12 . 308 . . . . . . . . . . . . . . Core 2877 | . . 123 . . 102 606 174 447 392 276 . 588 12 . 157 . . . . . . . . . . . . . . Parts 151 | . . . . . . . . . . . . . . . 151 . . . . . . . . . . . . . . Protomatter Decayed 6813 | . . 15 . 4 . 101 . 145 149 132 . 96 161 602 361 83 . 143 455 1273 . 681 59 414 346 499 . 722 372 Game ------ Seed AdvancedTitaniumSheargun Manual? 0 Play Time 04:51:07 Cumulative 15.5 hours Start 2021.10.27 @ 17:25:57 End 2021.10.28 @ 23:38:48 Sessions 5 Manual Loads 0 Difficulty Rogue Special Mode Winter2019/RPGLIKE Game No. 12 Rogue 12 Adventurer 0 Explorer 0 Win Type - Total 0 Types 0/0/0/0/0/0/0/0/0 Lore% 28 Gallery% 25 Achievement% 63 Wizard Run 0 Options --------- ASCII 0 Keyboard 0 Movement Arrows Keybinds 0 Fullscreen 2 Font 18/X11 Map View 76x50 Tactical HUD 1 Map Filters NONE Filters NONE Steam 1 RUN: a838ce72-23fc-4d6b-a793-b94efbb9917a